 Dungeon Crawl Stone Soup version 0.18-b1-22-ge198996 (webtiles) character file.

10025 SkaryMonk the Severer (level 11, -31/82 HPs)
             Began as a Hill Orc Fighter on May 4, 2016.
             Was a High Priest of Pakellas.
             Killed themself with a badly aimed orb of electricity (52 damage)
             ... on level 1 of the Lair of Beasts.
             The game lasted 00:48:41 (10310 turns).

SkaryMonk the Severer (Hill Orc Fighter)           Turns: 10310, Time: 00:48:43

Health: -31/82     AC: 11    Str: 23    XL:     11   Next: 55%
Magic:  18/18      EV:  7    Int:  8    God:    Pakellas [*****.]
Gold:   1213       SH:  9    Dex: 10    Spells: 0 memorised, 10 levels left

rFire  . . .     SeeInvis .     x - +7 rod of ignition (3/9)
rCold  . . .     Gourm    .     b - +0 scale mail
rNeg   . . .     Faith    .     c - +0 shield
rPois  .         Spirit   .     (no helmet)
rElec  .         Dismiss  .     p - +0 cloak
rCorr  .         Reflect  .     w - +0 pair of gloves
SustAt +         Harm     .     (no boots)
MR     +....                    N - amulet of regeneration
Stlth  ..........               B - ring of sustain attributes
                                h - ring of protection from magic

@: somewhat resistant to hostile enchantments, extremely unstealthy
A: no striking features
a: Quick Charge, Device Surge, Renounce Religion


You were on level 1 of the Lair of Beasts.
You worshipped Pakellas.
Pakellas was extremely pleased with you.
You were hungry.

You visited 3 branches of the dungeon, and saw 13 of its levels.

You collected 1313 gold pieces.
You spent 100 gold pieces at shops.

Notes
Turn   | Place    | Note
--------------------------------------------------------------
     0 | D:1      | SkaryMonk the Hill Orc Fighter began the quest for the Orb.
     0 | D:1      | Reached XP level 1. HP: 19/19 MP: 1/1
    94 | D:1      | Reached skill level 3 in Axes
   170 | D:1      | Reached XP level 2. HP: 6/26 MP: 2/2
   764 | D:1      | Reached skill level 4 in Axes
   768 | D:2      | Noticed Sigmund
  1020 | D:2      | Reached XP level 3. HP: 31/31 MP: 3/3
  1124 | D:2      | Reached skill level 5 in Axes
  1432 | D:2      | Reached XP level 4. HP: 39/39 MP: 4/4
  1534 | D:2      | Killed Sigmund
  1534 | D:2      | Reached skill level 8 in Axes
  1534 | D:2      | Reached XP level 5. HP: 18/45 MP: 5/5
  1534 | D:2      | Reached XP level 6. HP: 20/51 MP: 6/6
  2084 | D:3      | Found an oddly glowing altar of Pakellas.
  2092 | D:3      | Became a worshipper of Pakellas the Inventive
  2374 | D:3      | Noticed oplop's ghost (amateur MfGl)
  2411 | D:3      | Killed oplop's ghost
  2926 | D:4      | Reached skill level 9 in Axes
  2953 | D:4      | Reached XP level 7. HP: 44/57 MP: 7/7
  3131 | D:4      | Found a glowing golden altar of the Shining One.
  3173 | D:4      | Reached * piety under Pakellas
  3173 | D:4      | Received a gift from Pakellas
  3190 | D:4      | Reached skill level 10 in Axes
  3224 | D:4      | Found a shadowy altar of Dithmenos.
  3427 | D:4      | Found a blossoming altar of Fedhas.
  3456 | D:4      | Noticed an oklob plant
  3539 | D:4      | Found a sparkling altar of Nemelex Xobeh.
  3797 | D:5      | Entered Level 5 of the Dungeon
  3873 | D:5      | Reached skill level 11 in Axes
  3874 | D:5      | Found Nennoxza's Assorted Antiques.
  3883 | D:5      | Bought a forked fluorescent wand for 100 gold pieces
  3907 | D:5      | Found an ancient bone altar of Kikubaaqudgha.
  4015 | D:5      | Reached XP level 8. HP: 64/64 MP: 8/8
  4388 | D:5      | Reached skill level 12 in Axes
  4396 | D:5      | Reached ** piety under Pakellas
  4396 | D:5      | Received a gift from Pakellas
  4478 | D:6      | Found an oddly glowing altar of Pakellas.
  4478 | D:6      | Noticed Edmund
  4487 | D:6      | Killed Edmund
  4503 | D:6      | Found an iron altar of Okawaru.
  4645 | D:6      | Found Varch's Antique Weapon Shop.
  4666 | D:6      | Reached skill level 13 in Axes
  5043 | D:6      | Found a staircase to the Ecumenical Temple.
  5181 | D:7      | Reached skill level 14 in Axes
  5181 | D:7      | Reached XP level 9. HP: 47/70 MP: 5/9
  5589 | D:7      | Found a burning altar of Makhleb.
  5686 | D:7      | Reached skill level 15 in Axes
  6400 | D:8      | Reached *** piety under Pakellas
  6400 | D:8      | Received a gift from Pakellas
  7278 | D:9      | Reached skill level 16 in Axes
  7372 | D:9      | Noticed a troll
  7379 | D:9      | Killed a troll
  7394 | D:9      | Found a staircase to the Lair.
  7396 | D:9      | Noticed Prince Ribbit
  7405 | D:10     | Entered Level 10 of the Dungeon
  7507 | D:10     | Reached XP level 10. HP: 65/77 MP: 11/13
  7629 | D:10     | Noticed a hill giant
  7648 | D:10     | Killed a hill giant
  7648 | D:10     | Reached skill level 5 in Evocations
  7739 | D:10     | Noticed Maud
  7756 | D:10     | Killed Maud
  7756 | D:10     | Reached **** piety under Pakellas
  7756 | D:10     | Received a gift from Pakellas
  7937 | D:10     | Found Eqeerch Yroim's General Store.
  8307 | D:10     | Noticed a five-headed hydra
  8320 | D:10     | Killed a five-headed hydra
  8381 | D:10     | Found a staircase to the Orcish Mines.
  8413 | Orc:1    | Entered Level 1 of the Orcish Mines
  8635 | Orc:1    | Found a roughly hewn altar of Beogh.
  8864 | D:9      | Noticed a gargoyle
  8945 | D:9      | Reached XP level 11. HP: 69/82 MP: 18/18
  8959 | D:9      | Reached skill level 10 in Evocations
  9042 | D:9      | Reached skill level 5 in Armour
  9045 | D:9      | Reached ***** piety under Pakellas
  9045 | D:9      | Received a gift from Pakellas
  9067 | D:9      | Identified a +7 rod of ignition (9/9) (Pakellas gifted it to you on level 9 of the Dungeon)
  9119 | D:9      | Noticed Pikel
  9127 | D:9      | Killed Pikel
  9528 | D:9      | Killed Prince Ribbit
  9630 | Orc:2    | Entered Level 2 of the Orcish Mines
  9630 | Orc:2    | Found a staircase to the Elven Halls.
  9954 | Orc:2    | Noticed Donald
 10036 | Lair:1   | Entered Level 1 of the Lair of Beasts
 10069 | Lair:1   | Noticed a wolf spider
 10080 | Lair:1   | Killed a wolf spider
 10310 | Lair:1   | Killed themself with a badly aimed orb of electricity

Inventory:

Hand Weapons
 a - a +1 war axe
 L - a +0 battleaxe
Missiles
 T - 15 tomahawks (quivered)
Armour
 b - a +0 scale mail (worn)
 c - a +0 shield (worn)
 p - a +0 cloak (worn)
 w - a +0 pair of gloves (worn)
 Q - a +1 plate armour of fire resistance
Rods
 x - a +7 rod of ignition (3/9) (in hand)
   (Pakellas gifted it to you on level 9 of the Dungeon)
Jewellery
 h - a ring of protection from magic (left hand)
 B - a ring of sustain attributes (right hand)
 N - an amulet of regeneration (around neck)
Wands
 g - a wand of confusion (24/48)
 y - a wand of heal wounds (0/9)
 D - a wand of acid (0/15)
 R - a wand of digging (13/24)
Scrolls
 d - 2 scrolls of magic mapping {unknown}
 e - 13 scrolls of remove curse
 j - 2 scrolls of teleportation
 k - 2 scrolls of recharging {unknown}
 l - 4 scrolls of enchant armour
 m - 5 scrolls of enchant weapon
 o - a scroll of holy word {unknown}
 q - 2 scrolls of fear {unknown}
 t - 7 scrolls of immolation
 z - 2 scrolls of blinking {unknown}
 A - 5 scrolls of amnesia
 H - a scroll of random uselessness {unknown}
 M - a scroll of torment {unknown}
Potions
 i - 2 potions of flight
 n - a potion of agility {unknown}
 v - 3 potions of beneficial mutation {unknown}
 E - a potion of brilliance
 F - a potion of magic
 G - a potion of berserk rage {unknown}
 I - a potion of haste {unknown}
 O - a potion of might
 P - a potion of cure mutation {unknown}
Books
 J - a book of Cantrips

   Spells                             Type                      Level
   a - Corona                         Hexes                        1
   b - Animate Skeleton               Necromancy                   1
   c - Summon Small Mammal            Summoning                    1
   d - Apportation                    Translocation                1
Miscellaneous
 K - a disc of storms
Comestibles
 f - 18 bread rations
 u - 7 beef jerkies
 C - 5 meat rations
 S - a royal jelly

Table legend:
 A = Turns spent in this place as a percentage of turns spent in the entire game.
 B = Non-inter-level travel turns spent in this place as a percentage of non-inter-level travel turns spent in the entire game.
 C = Inter-level travel turns spent in this place as a percentage of turns spent in this place.
 D = Turns resting spent in this place as a percentage of non-inter-level travel turns spent in this place.
 E = Turns spent auto-exploring this place as a percentage of non-inter-level travel turns spent in this place.
 F = Non-inter-level travel turns spent in this place divided by the number of levels of this place that you've seen.
                   A       B       C       D       E      F
               +-------+-------+-------+-------+-------+----------------------
         Total | 100.0 | 100.0 |   1.0 |   3.1 |  12.4 | 191.5
       Dungeon |  84.5 |  84.5 |   1.0 |   2.9 |  13.8 | 210.3
          Lair |   4.7 |   4.7 |   0.0 |   1.7 |   3.4 | 117.0
  Orcish Mines |  10.8 |  10.8 |   1.1 |   4.8 |   5.6 | 134.5
               +-------+-------+-------+-------+-------+----------------------


   Skills:
 - Level 3.6 Fighting
 - Level 16.0 Axes
 + Level 8.5 Armour
 - Level 3.2 Shields
 - Level 10.0 Evocations


You had 10 spell levels left.
You didn't know any spells.

Dungeon Overview and Level Annotations

Branches:
Dungeon (10/15)            Temple (0/1) D:6            Lair (1/8) D:9
    Orc (2/2) D:10            Elf (0/3) Orc:2

Altars:
Dithmenos
Fedhas
Kikubaaqudgha
Makhleb
Nemelex Xobeh
Okawaru
Pakellas
The Shining One
Beogh

Shops:
D:5 *   D:6 (   D:10 *

Annotations:
D:4 exclusion: oklob plant
Orc:2 Donald


Message History

The plant is almost destroyed.
The orb of electricity engulfs the plant.
The plant is almost destroyed.
The orb of electricity engulfs the bush.
The bush is moderately damaged.
The orb of electricity engulfs the plant.
You destroy the plant!
The orb of electricity engulfs the plant.
The plant is almost destroyed.
The orb of electricity explodes!
The orb of electricity engulfs the plant.
You destroy the plant!
The orb of electricity engulfs the plant.
The plant is heavily damaged.
The orb of electricity engulfs the plant.
The plant is heavily damaged.
The orb of electricity engulfs you!
Ouch! That really hurt!
You die...
Pakellas says: Good help is so hard to find these days!

##......P....................
........P....................
........#..........YY........
........<..........Y#.###.#..
#.####.#.......Y....#.####.
####..#......Y.Y.........
#P.P......PPPYP....######
###....P.P....PPP###
#P...PPPP.@PPP.#
#.#†.PPP......P.#
###..PP.P.....P##
##P...P.....P.#
#..÷..P..P.P..#
##PP..PPP.P..P#
#.PP......PP## ##PP..P..PP.#
#.P.)...PP.#


You could see 7 yaks.

Table legend:
 A = Kills in this place as a percentage of kills in entire the game.
 B = Kills by you in this place as a percentage of kills by you in the entire game.
 C = Kills by friends in this place as a percentage of kills by friends in the entire game.
 D = Other kills in this place as a percentage of other kills in the entire game.
 E = Experience gained in this place as a percentage of experience gained in the entire game.
 F = Experience gained in this place divided by the number of levels of this place that you have seen.
                   A       B       C       D       E      F
               +-------+-------+-------+-------+-------+----------------------
         Total | 100.0 | 100.0 | 100.0 |  -nan | 100.0 | 1101.7
       Dungeon |  83.7 |  83.6 |  85.0 |  -nan |  74.4 | 1065.7
          Lair |   5.4 |   5.9 |   0.0 |  -nan |  16.0 | 2296.0
  Orcish Mines |  10.9 |  10.5 |  15.0 |  -nan |   9.6 | 684.5
               +-------+-------+-------+-------+-------+----------------------

Vanquished Creatures
  Maud (D:10)
  A wolf spider (Lair:1)
  A black mamba (Lair:1)
  A komodo dragon (Lair:1)
  A spiny frog (Lair:1)
  A two-headed ogre (D:10)
  Prince Ribbit (D:9)
  Sigmund (D:2)
  A wraith (D:10)
  A steam dragon (D:7)
  4 hippogriffs
  A basilisk (Lair:1)
  Edmund (D:6)
  2 wargs (D:9)
  8 orc warriors
  An ice beast (D:9)
  5 ogres
  A phantom (D:7)
  The ghost of oplop the Poker, an amateur MfGl (D:3)
  A wasp (Lair:1)
  2 centaurs (D:10)
  A crocodile (Lair:1)
  A big kobold (D:10)
  4 giant frogs
  A gnoll sergeant (D:10)
  4 scorpions
  14 killer bees
  3 wights (D:10)
  A howler monkey (D:5)
  2 jellies
  A crimson imp (D:9)
  A giant frog zombie (D:10)
  A giant frog skeleton (D:8)
  11 orc wizards
  3 orc priests
  3 hounds
  A centaur skeleton (D:7)
  6 worker ants
  2 iguanas
  3 killer bee zombies
  2 worker ant zombies
  14 gnolls
  20 adders
  4 shadow imps
  5 oozes
  4 adder skeletons
  A worm (D:2)
  7 giant geckos
  21 orcs
  3 bats
  8 giant cockroaches
  7 hobgoblins
  6 jackals
  2 quokkas
  2 ball pythons
  A giant cockroach zombie (D:6)
  7 giant newts
  6 goblins
  A jackal skeleton (D:4)
  8 kobolds
  9 rats
  A bush (Lair:1)
  2 fungi (Lair:1)
  8 plants (Lair:1)
249 creatures vanquished.

Vanquished Creatures (collateral kills)
  A hydra (D:10)
  Pikel (D:9)
  A hill giant (D:10)
  A gargoyle (D:9)
  2 trolls
  A warg (D:9)
  An orc warrior (Orc:1)
  A slave (D:9)
  An eye of draining (D:10)
  A centaur (D:6)
  A gnoll sergeant (D:9)
  A howler monkey (D:6)
  A centaur skeleton (D:9)
  An orc wizard (D:9)
  A hound zombie (D:6)
  A gnoll (D:9)
  3 orcs
  A giant newt (D:6)
21 creatures vanquished.

Vanquished Creatures (others)
  A kobold (D:9)
  A bush (Lair:1)
  2 plants
  15 toadstools (D:4)
19 creatures vanquished.

Grand Total: 289 creatures vanquished

Action                   |  1- 3 |  4- 6 |  7- 9 | 10-12 || total
-------------------------+-------+-------+-------+-------++-------
Melee: War axe           |    94 |    87 |   351 |   339 ||   871
Throw: Tomahawk          |       |       |       |     3 ||     3
Invok: Quick Charge      |       |       |     2 |       ||     2
       Device Surge      |       |       |       |     1 ||     1
Evoke: Wand              |       |     1 |    24 |    16 ||    41
       Sack of spiders   |       |       |     9 |     9 ||    18
       Disc of storms    |       |       |       |     7 ||     7
       Rod               |       |       |       |     5 ||     5
  Use: Scroll            |     4 |     2 |     7 |       ||    13
       Potion            |       |     3 |     4 |       ||     7
 Stab: Confused          |       |       |     1 |     2 ||     3
       Distracted        |       |       |     1 |       ||     1
  Eat: Chunk             |     2 |     5 |    13 |    11 ||    31
       Pizza             |       |       |     1 |       ||     1
Armor: Scale mail        |    31 |    20 |   121 |   101 ||   273
       Plate armour      |    12 |     8 |       |       ||    20
Dodge: Dodged            |    21 |    16 |    92 |    77 ||   206
Block: Shield            |    56 |    33 |   138 |   110 ||   337

Vault maps used:
D:1:      roderic_crop_circles_arrival_small
D:2:      uniq_sigmund
D:3:      kennysheep_big_flooded_room, johnstein_pakellas_dig
D:4:      lemuel_round_altar, tgw_fedhas, tso_altar,
          nemelex_xobeh_ov_fountains_minmay
D:5:      kiku_gazebo_pond_becter, serial_shops, shop, first_bread,
          kennysheep_small_spiral, kennysheep_small_square
D:6:      lemuel_crystal_altar, temple_green, basic_altar, serial_shops,
          nicolae_shop_trees, uniq_edmund
D:7:      nicolae_overflow_crystal_walls
D:9:      erik_lair_orcish_takeover, grunt_ogre_cave, uniq_prince_ribbit1,
          uniq_pikel
D:10:     orc_0_dummy, serial_shops, nicolae_shop_stone, uniq_maud
Lair:1:   minmay_lair_venomous_thicket, serial_bayou_shore_a
Orc:1:    basic_altar, uniq_erica
Orc:2:    pf_orc_diabolical, basic_altar, nicolae_orc_sculptors_studio,
          uniq_donald
